 Dungeon Crawl Stone Soup version 0.19.5 (webtiles) character file.

206 Kosschaser the Sneak (level 5, 0/27 HPs)
             Began as a Vine Stalker Assassin on Mar 2, 2017.
             Slain by a ball python (1 damage)
             ... in a sewer.
             The game lasted 00:07:38 (2216 turns).

Kosschaser the Sneak (Vine Stalker Assassin)        Turns: 2216, Time: 00:07:39

Health: 0/27       AC:  3    Str: 13    XL:     5   Next: 84%
Magic:  0/6        EV:  9    Int: 11    God:
Gold:   156        SH:  0    Dex: 17    Spells: 0 memorised, 4 levels left

rFire  . . .     SeeInvis .     D - +1 dagger (drain)
rCold  . . .     Gourm    .     c - +0 robe
rNeg   . . .     Faith    .     (no shield)
rPois  .         Spirit   +     (no helmet)
rElec  .         Reflect  .     d - +0 cloak
rCorr  .         Harm     .     (no gloves)
MR     .....                    (no boots)
Stlth  ++++......               i - amulet of rage
                                (no ring)
                                (no ring)

@: constricted
A: fangs 2, regeneration 1, magic shield, antimagic bite, no device heal 3, rot
immunity
a: Evoke Berserk Rage


You were in a sewer.
You were not hungry.

You visited 1 branch of the dungeon, and saw 4 of its levels.
You also visited: Sewer.

You collected 156 gold pieces.

Inventory:

Hand Weapons
 a - a +2 dagger
 b - a +0 blowgun
 D - a +1 dagger of draining (weapon)
Missiles
 e - 8 poisoned needles
 f - 2 curare-tipped needles
Armour
 c - a +0 robe (worn)
 d - a +0 cloak (worn)
Jewellery
 i - an amulet of rage (around neck)
 p - an uncursed ring of protection from magic {unknown}
Scrolls
 k - 3 scrolls of teleportation {unknown}
 n - 3 scrolls of magic mapping {unknown}
 o - 4 scrolls of remove curse {unknown}
 q - 2 scrolls of identify {unknown}
 u - 2 scrolls of blinking {unknown}
 y - a scroll of immolation {unknown}
 z - a scroll of enchant weapon {unknown}
 A - 2 scrolls of fog {unknown}
 B - 3 scrolls of recharging {unknown}
Potions
 h - a potion of flight {unknown}
 j - a potion of mutation {unknown}
 l - 2 potions of brilliance {unknown}
 s - a potion of berserk rage {unknown}
 t - a potion of beneficial mutation {unknown}
 v - a potion of invisibility {unknown}
 w - a potion of lignification {unknown}
 x - 2 potions of degeneration {unknown}
 C - a potion of cancellation {unknown}
Comestibles
 g - 2 bread rations
 m - 3 meat rations
 r - a beef jerky


   Skills:
 + Level 2.4 Fighting
 + Level 2.3 Short Blades
 + Level 2.0 Throwing
 + Level 1.1 Dodging
 * Level 7.8 Stealth


You had 4 spell levels left.
You didn't know any spells.

Dungeon Overview and Level Annotations

Branches:
Dungeon (4/15)
 Temple: D:4-7

Altars:
Makhleb


Innate Abilities, Weirdness & Mutations

You have extremely sharp teeth.
Your natural rate of healing is unusually fast.
When hurt, damage is shared between your health and your magic reserves.
Your bite disrupts and absorbs the magic of your enemies.
Potions and wands cannot restore your health.
You are immune to rotting.


Message History

The adder is moderately wounded.
The river rat barely misses you. The adder barely misses you.
The ball python misses you. The ball python closely misses you.
You barely miss the adder. Your bite misses the adder.
The adder is moderately wounded.
The adder bites you.
* * * LOW HITPOINT WARNING * * *
The ball python bites you.
* * * LOW HITPOINT WARNING * * *
The ball python grabs you. The ball python constricts you.
You barely miss the adder.
The adder is moderately wounded.
The adder bites you but does no damage. The ball python closely misses you.
* * * LOW HITPOINT WARNING * * *
The ball python constricts you. The river rat bites you.
* * * LOW HITPOINT WARNING * * *
You closely miss the adder. You bite the adder, but do no damage.
The adder is moderately wounded.
The adder bites you but does no damage. The ball python bites you.
You die...

#......##
##....
#......#
#.....
##....##
##....
#≈≈≈†≈≈#
#≈≈≈≈≈
#≈≈≈rr≈#
#≈≈≈≈≈
#≈≈r≈≈≈#
#≈#≈≈≈
#≈r≈≈≈≈#
#≈≈#≈≈
#SSr≈≈≈#
#≈≈≈≈≈
#≈@r..≈#
#≈≈≈≈≈
#≈.l...#
#.≈≈≈≈
##....≈#
#††≈≈≈
#≈≈≈≈≈≈#
#≈≈≈≈≈
#≈≈≈≈≈≈#
#≈≈≈≈≈
#≈≈≈≈≈≈#
#≈≈≈≈≈
#≈≈≈≈≈≈#
#≈≈≈≈≈
#≈≈≈≈≈≈#
#≈≈≈≈≈
#≈≈≈≈≈≈#
#≈≈≈≈≈


You could see an adder, a river rat, a ball python, a frilled lizard and 5 rats.

Vanquished Creatures
  6 adders
  4 gnolls
  2 river rats (Sewer)
  2 oozes
  A worm (D:2)
  2 dart slugs (D:1)
  3 leopard geckos (D:1)
  3 orcs (D:3)
  3 giant cockroaches
  8 goblins
  7 hobgoblins
  4 ball pythons
  2 bats
  5 frilled lizards
  7 kobolds
  27 rats
86 creatures vanquished.

Notes
Turn   | Place    | Note
-------+----------+-------------------------------------------
     0 | D:1      | Kosschaser the Vine Stalker Assassin began the quest for the Orb.
     0 | D:1      | Reached XP level 1. HP: 11/11 MP: 2/2
   104 | D:1      | Reached skill level 5 in Stealth
   130 | D:1      | Reached skill level 1 in Dodging
   130 | D:1      | Reached XP level 2. HP: 12/15 MP: 3/3
   433 | D:1      | Reached XP level 3. HP: 10/18 MP: 2/4
   861 | D:2      | Reached skill level 6 in Stealth
   863 | D:2      | Found a burning altar of Makhleb.
  1185 | D:2      | Gained mutation: Your natural rate of healing is unusually fast. [Vine Stalker growth]
  1185 | D:2      | Reached XP level 4. HP: 6/23 MP: 0/5
  1471 | D:3      | Reached skill level 7 in Stealth
  1563 | D:3      | Reached XP level 5. HP: 14/26 MP: 4/6
  1906 | D:4      | Found a glowing drain.
  1944 | Sewer    | Entered a sewer
  2215 | Sewer    | HP: 1/27 [river rat (1)]
  2216 | Sewer    | Slain by a ball python

Skill      XL: |  1  2  3  4  5 |
---------------+----------------+-----
Stealth        | 5 6 7 |  7.8
Dodging        | 1 |  1.1
Fighting       | 2 |  2.4
Short Blades   | 2 |  2.3
Throwing       | 2 |  2.0

Action                   |  1- 3 |  4- 6 || total
-------------------------+-------+-------++-------
Melee: Dagger            |    69 |   127 ||   196
       Bite              |    16 |    34 ||    50
Throw: Throwing net      |       |     3 ||     3
 Stab: Sleeping          |    13 |    10 ||    23
       Distracted        |     1 |       ||     1
       Held in net/web   |       |     2 ||     2
  Eat: Chunk             |       |     4 ||     4
Armor: Robe              |     9 |    27 ||    36
Dodge: Dodged            |    35 |    98 ||   133
